 Dungeon Crawl Stone Soup version 0.18-a0-1343-g48c8f86 (console) character file.

48 Liam the Magician (level 3, 0/21 HPs)
             Began as a High Elf Wizard on Feb 16, 2016.
             Slain by Crazy Yiuf
             ... wielding a +3 quarterstaff of chaos
              (9 damage)
             ... on level 2 of the Dungeon.
             The game lasted 00:03:42 (1417 turns).

Liam the Magician (High Elf Wizard)                 Turns: 1417, Time: 00:03:42

Health: 0/21       AC:  3    Str:  6    XL:     3   Next: 50%
Magic:  5/10       EV: 11    Int: 23    God:
Gold:   64         SH:  0    Dex: 13    Spells: 4 memorised, 3 levels left

rFire  . . .     SeeInvis .     (no weapon)
rCold  . . .     Gourm    .     g - +0 leather armour (curse)
rNeg   . . .     Faith    .     (no shield)
rPois  .         Spirit   .     b - +0 hat
rElec  .         Dismiss  .     (no cloak)
rCorr  .         Reflect  .     (no gloves)
SustAt +         Harm     .     (no boots)
MR     .....                    (no amulet)
Stlth  ++........               (no ring)
                                e - ring of sustain attributes

@: repel missiles, drained, not resistant to hostile enchantments, unstealthy
A: no striking features
a: no special abilities


You were on level 2 of the Dungeon.
You were not hungry.

You visited 1 branch of the dungeon, and saw 2 of its levels.

You collected 64 gold pieces.

Inventory:

Armour
 a - a +0 robe
 b - a +0 hat (worn)
 g - a cursed +0 leather armour (worn)
Jewellery
 e - a ring of sustain attributes (left hand)
 j - an uncursed amulet of guardian spirit {unknown}
Scrolls
 h - a scroll of enchant weapon {unknown}
Potions
 k - a potion of mutation {unknown}
Books
 c - a book of Minor Magic

   Spells                             Type                      Level
   a - Magic Dart                     Conjuration                  1
   b - Blink                          Translocation                2
   c - Call Imp                       Summoning                    2
   d - Repel Missiles                 Charms/Air                   2
   e - Slow                           Hexes                        2
   f - Conjure Flame                  Conjuration/Fire             3
   g - Mephitic Cloud                 Conjuration/Poison/Air       3
Comestibles
 d - 2 bread rations
 f - a meat ration
 i - 3 fruits


   Skills:
 - Level 2.1(1.9) Dodging
 - Level 2.1(1.9) Stealth
 + Level 4.6(4.2) Spellcasting
 + Level 2.5(2.3) Conjurations
   Level 0.8(0.5) Summonings
 - Level 1.1(0.8) Translocations


You had 3 spell levels left.
You knew the following spells:

 Your Spells              Type           Power        Failure   Level  Hunger
a - Magic Dart            Conj           ###.         10%         1    None
b - Blink                 Tloc           N/A          21%         2    #......
c - Conjure Flame         Conj/Fire      ##......     34%         3    ##.....
d - Repel Missiles        Chrm/Air       #.....       24%         2    #......


Dungeon Overview and Level Annotations

Branches:
Dungeon (2/15)

Altars:

Annotations:
D:2 Crazy Yiuf


Message History

Your magical contamination has completely faded away.
You see here a runed hand axe.
Crazy Yiuf says, "Cholesterol mumblescurry snail!"
Crazy Yiuf says, "Tonal pizzabubble chair!"
Found a sedimented green potion.
Crazy Yiuf screams, "Dawk!
Cake bag noodlescoop."
Things that are here:
a club; 12 stones Crazy Yiuf grits, "Gnoll aubergine pontify!"
Crazy Yiuf yells, "Proton!"
Crazy Yiuf screams, "Ghoul ena bag!"
Casting: Magic Dart
Confirm with . or Enter, or press ? or * to list all spells.
Aiming: Magic Dart
Press: ? - help, Shift-Dir - straight line, f/p - Crazy Yiuf
Aim: Crazy Yiuf, wielding a quarterstaff of chaos and wearing a glowing cloak (severely wounded)
The magic dart hits Crazy Yiuf.
Crazy Yiuf is almost dead.
Crazy Yiuf hits you with a quarterstaff of chaos!
You die...

..# ..... ..# ##.## .....
..# #...# #...# ..# #...#
... #.#### #...# ...### #
.....# #...# #.#.. ..
####.####...#######.#.# .#
####.............##.#.##..#
#.....)........g@........#
#.##.............##...###.#
#.##.##.#...#.######..#####.
รท....##.#...#.# #........
#.#####.#...#.# ###.#######
#.# #.......# #..........
#.# #.#...#># #.#.#.<####
#.# #.......####.#.#..###
).# #.##.........#......#


You could see Crazy Yiuf.

Vanquished Creatures
  2 adders (D:2)
  2 giant geckos (D:1)
  3 giant cockroaches
  4 goblins (D:1)
  7 hobgoblins
  4 bats
  A giant newt (D:1)
  3 kobolds (D:1)
26 creatures vanquished.

Notes
Turn   | Place    | Note
--------------------------------------------------------------
     0 | D:1      | Liam the High Elf Wizard began the quest for the Orb.
     0 | D:1      | Reached XP level 1. HP: 11/11 MP: 6/6
   279 | D:1      | Reached skill level 4 in Spellcasting
   279 | D:1      | Reached XP level 2. HP: 15/17 MP: 2/8
   822 | D:1      | Reached XP level 3. HP: 4/21 MP: 0/9
  1062 | D:2      | Learned a level 2 spell: Blink
  1066 | D:2      | Learned a level 3 spell: Conjure Flame
  1069 | D:2      | Learned a level 2 spell: Repel Missiles
  1341 | D:2      | Noticed Crazy Yiuf
  1417 | D:2      | Slain by Crazy Yiuf

Vault maps used:
D:1:      shiori_shiawase, hangedman_decor_clover_reticule, minmay_misc_feat_x
D:2:      ecumenical_altar_2, st_stairs_1, kennysheep_generic_room_15,
          uniq_crazy_yiuf_cottage

Action                   || total
-------------------------++-------
Melee: Unarmed           ||     9
 Cast: Magic Dart        ||    79
       Repel Missiles    ||     1
  Eat: Chunk             ||     1
